 Dungeon Crawl Stone Soup version 0.30.0-30-g96aa6591b8 (webtiles) character file.

Game seed: 4592755411451601826

706655 monsoonserge the Minotaur Barricade (level 27, -47/218 HPs)
             Began as a Minotaur Fighter on June 28, 2023.
             Was the Champion of Qazlal.
             Annihilated by an Orb Guardian (48 damage)
             ... on level 5 of the Realm of Zot on June 30, 2023.
             The game lasted 09:07:15 (77073 turns).

monsoonserge the Minotaur Barricade (MiFi)         Turns: 77073, Time: 09:07:15

Health: -47/218    AC: 45    Str: 38    XL:     27
Magic:  27/38      EV:  8    Int: 20    God:    Qazlal [******]
Gold:   9564       SH:  0    Dex: 16    Spells: 25/38 levels left

rFire   + + +        a - +8 mithril axe "Arga" {speed, Will+}
rCold   + . .        P - +8 tower shield {rC+ rF+}
rNeg    + . .        v - +14 plate armour "Opler" {Regen+ MP+9 Int+4}
rPois   +            R - +2 hat {Will+}
rElec   +            U - +4 dragonskin cloak
rCorr   +            I - +0 pair of gloves of the Thoughtful Towns {rF+ Will+ Int+4}
SInv    +            J - +1 pair of boots "Teofof" {rPois Str+2 Int-3 SInv}
Will    +++++        C - amulet "Zoragh" {Reflect Dex+4 SH+5} Stlth
                     m - ring "Vunluuth" {Fly rElec rN+ Str+5 Slay+3}
HPRegen 1.36/turn    s - ring of Bulesh Buto {rF+ rCorr Int+6}
MPRegen 0.26/turn

%: repel missiles, reflection
@: about to teleport, marked, protected from physical damage, flying, held,
studying 2 skills, unable to read
A: horns 2, retaliatory headbutt, talons 1, clever 1, deformed body, frail 2,
low MP 1, poison resistance, screaming 1, inability to read after injury 1
}: 4/15 runes: decaying, slimy, silver, gossamer
a: Renounce Religion, Upheaval, Elemental Force, Disaster Area


You were on level 5 of the Realm of Zot.
You worshipped Qazlal.
Qazlal was exalted by your worship.
You visited 16 branches of the dungeon, and saw 63 of its levels.
You visited the Abyss 2 times.
You visited 1 ziggurat, and saw 16 of its levels.
You also visited: Trove, Sewer and Gauntlet.

You collected 11289 gold pieces.
You spent 1725 gold pieces at shops.

Inventory:

Hand Weapons
 a - the +8 mithril axe "Arga" (weapon) {speed, Will+}
   (You found it on level 5 of the Pits of Slime)

   Will:      It increases your willpower.
 b - the +7 hand crossbow "Faofaew" {penet, rC+ Will+ Str+5}
   (You found it in a Gauntlet)

   Str:       It affects your strength (+5).
   rC:        It protects you from cold.
   Will:      It increases your willpower.
Missiles
 u - 6 curare-tipped darts
 D - 5 silver boomerangs
 E - 17 atropa-tipped darts
 G - 4 boomerangs of dispersal
 Q - 11 datura-tipped darts
 X - 22 javelins (quivered)
 Y - 9 silver javelins
Armour
 v - the +14 plate armour "Opler" (worn) {Regen+ MP+9 Int+4}
   (You took it off a deep elf blademaster on level 3 of the Elven Halls)

   Int:       It affects your intelligence (+4).
   MP:        It affects your magic capacity (+9).
   Regen:     It increases your rate of health regeneration.
 I - the +0 pair of gloves of the Thoughtful Towns (worn) {rF+ Will+ Int+4}
   (You found it in a Gauntlet)

   Int:       It affects your intelligence (+4).
   rF:        It protects you from fire.
   Will:      It increases your willpower.
 J - the +1 pair of boots "Teofof" (worn) {rPois Str+2 Int-3 SInv}
   (You bought it in a shop on level 2 of the Orcish Mines)

   Str:       It affects your strength (+2).
   Int:       It affects your intelligence (-3).
   rPois:     It protects you from poison.
   SInv:      It lets you see invisible.
 P - a +8 tower shield of resistance (worn)
 R - a +2 hat of willpower (worn)
 U - the +4 dragonskin cloak (worn)
   (You took it off Tiamat on level 1 of the Realm of Zot)

   Avatar's Aegis: It grants the wearer a chance to resist fire, cold, poison,
   electricity, acid, and negative energy.
Jewellery
 m - the ring "Vunluuth" (left hand) {Fly rElec rN+ Str+5 Slay+3}
   (You acquired it on level 2 of the Swamp)

   [ring of flight]

   Str:       It affects your strength (+5).
   Slay:      It affects your accuracy & damage with ranged weapons and melee
   (+3).
   rElec:     It insulates you from electricity.
   rN:        It protects you from negative energy.
   Fly:       It grants you flight.
 s - the ring of Bulesh Buto (right hand) {rF+ rCorr Int+6}
   (You took it off a deep elf death mage on level 3 of the Elven Halls)

   [ring of intelligence]

   Int:       It affects your intelligence (+6).
   rF:        It protects you from fire.
   rCorr:     It protects you from acid and corrosion.
 C - the amulet "Zoragh" (around neck) {Reflect Dex+4 SH+5}
   (You found it on level 14 of a ziggurat)

   [amulet of reflection]

   It reflects blocked missile attacks.
   Dex:       It affects your dexterity (+4).
   SH:        It affects your SH (+5).
Wands
 q - a wand of roots (82)
 w - a wand of charming (78)
 B - a wand of polymorph (35)
 M - a wand of light (56)
 O - a wand of digging (25)
Scrolls
 h - 6 scrolls of blinking
 l - 9 scrolls of immolation
 n - 18 scrolls of teleportation
 o - 7 scrolls of butterflies
 r - 6 scrolls of fear
 y - 4 scrolls of fog
 z - 12 scrolls of poison
 A - 10 scrolls of silence
 S - 8 scrolls of enchant armour
 V - 12 scrolls of magic mapping
 W - 5 scrolls of torment
Potions
 d - 17 potions of might
 e - 15 potions of lignification
 f - 3 potions of magic
 g - 12 potions of berserk rage
 i - 24 potions of curing
 j - 16 potions of mutation
 t - 19 potions of haste
 x - 7 potions of resistance
 F - 9 potions of attraction
 K - 12 potions of cancellation
 L - 7 potions of invisibility
 N - 10 potions of heal wounds
Miscellaneous
 c - a tin of tremorstones (2/2)
 k - a phial of floods
 p - a phantom mirror
 H - a box of beasts (inert)
 T - a lightning rod (4/4)
 Z - the horn of Geryon (inert)


   Skills:
 O Level 27 Fighting
 - Level 14.8(21.0) Axes
 - Level 22.3(23.8) Maces & Flails
 + Level 9.7(13.5) Polearms
 - Level 18.0 Ranged Weapons
 - Level 11.0 Throwing
 + Level 23.1 Armour
 + Level 10.9 Dodging
 - Level 1.4 Stealth
 O Level 27 Shields
 - Level 6.0 Spellcasting
 - Level 11.0 Translocations
 - Level 7.0 Transmutations
 * Level 14.7 Invocations
 * Level 13.6 Evocations


You had 25 spell levels left.
You knew the following spells:

 Your Spells              Type           Power      Damage    Failure   Level
a - Blink                 Tloc           100%       N/A       1%          2
b - Lesser Beckoning      Tloc           100%       N/A       1%          2
c - Manifold Assault      Tloc           50%        N/A       3%          4
d - Wereblood             Tmut           34%        N/A       2%          2
e - Teleport Other        Tloc           50%        N/A       1%          3

Your spell library contained the following spells:

 Spells                   Type           Power      Damage    Failure   Level
 Apportation              Tloc           100%       N/A       1%          1
 Beastly Appendage        Tmut           68%        N/A       1%          1
 Gell's Gravitas          Tloc           50%        N/A       1%          3
 Passage of Golubria      Tloc           50%        N/A       3%          4
 Momentum Strike          Conj/Tloc      56%        3d9       4%          2
 Portal Projectile        Hex/Tloc       56%        N/A       9%          3
 Volatile Blastmotes      Fire/Tloc      56%        2d14      9%          3
 Passwall                 Tmut/Erth      16%        N/A       10%         2
 Spider Form              Tmut/Pois      20%        N/A       21%         3
 Foxfire                  Conj/Fire      24%        2x1d5     28%         1
 Kiss of Death            Conj/Necr      24%        2d7       28%         1
 Magic Dart               Conj           24%        1d4       28%         1
 Necrotise                Necr           24%        1d5       28%         1
 Sandblast                Erth           12%        2d6       28%         1
 Slow                     Hex            24%        N/A       28%         1
 Summon Small Mammal      Summ           24%        N/A       28%         1
 Iskenderun's Mystic Bla  Conj/Tloc      28%        2d7       28%         4
 Ignite Poison            Fire/Tmut/Pois 15%        N/A       32%         3
 Cigotuvi's Dreadful Rot  Necr/Pois/Air  12%        N/A       38%         2
 Ensorcelled Hibernation  Hex/Ice        12%        N/A       38%         2
 Searing Ray              Conj           12%        2d4       38%         2
 Static Discharge         Conj/Air       12%        2-3/arc   38%         2
 Sublimation of Blood     Necr           6%         N/A       38%         2
 Blade Hands              Tmut           17%        N/A       41%         5
 Dispersal                Tloc           25%        N/A       43%         6
 Ice Form                 Ice/Tmut       20%        N/A       54%         4
 Petrify                  Tmut/Erth      20%        N/A       54%         4
 Call Canine Familiar     Summ           6%         N/A       63%         3
 Confusing Touch          Hex            6%         N/A       63%         3
 Dazzling Flash           Conj/Hex       12%        N/A       63%         3
 Hailstorm                Conj/Ice       6%         3d4       63%         3
 Inner Flame              Hex/Fire       6%         N/A       63%         3
 Mephitic Cloud           Conj/Pois/Air  6%         N/A       63%         3
 Ozocubu's Armour         Ice            6%         N/A       63%         3
 Stone Arrow              Conj/Erth      12%        3d7       63%         3
 Summon Guardian Golem    Hex/Summ       6%         N/A       63%         3
 Swiftness                Air            6%         N/A       63%         3
 Tukima's Dance           Hex            6%         N/A       63%         3
 Alistair's Intoxication  Tmut/Pois      13%        N/A       88%         5
 Irradiate                Conj/Tmut      10%        3d15      88%         5
 Yara's Violent Unravell  Hex/Tmut       10%        3d6       88%         5
 Airstrike                Air            3%         2d(1-17)  95%         4
 Anguish                  Hex/Necr       3%         N/A       95%         4
 Animate Armour           Summ/Erth      12%        N/A       95%         4
 Animate Dead             Necr           6%         N/A       95%         4
 Cause Fear               Hex            3%         N/A       95%         4
 Flame Wave               Conj/Fire      6%         2d5       95%         4
 Fulminant Prism          Conj/Hex       3%         3d5       95%         4
 Leda's Liquefaction      Hex/Erth       3%         N/A       95%         4
 Olgreb's Toxic Radiance  Pois           6%         N/A       95%         4
 Sticky Flame             Conj/Fire      6%         2d3       95%         4
 Summon Lightning Spire   Summ/Air       6%         N/A       95%         4
 Borgnjor's Vile Clutch   Necr/Erth      3%         N/A       100%        5
 Fireball                 Conj/Fire      3%         3d4       100%        5
 Freezing Cloud           Conj/Ice/Air   3%         6-21      100%        5
 Iskenderun's Battlesphe  Conj           6%         2d6       100%        5
 Lee's Rapid Deconstruct  Erth           3%         3d5*      100%        5
 Metabolic Englaciation   Hex/Ice        3%         N/A       100%        5
 Silence                  Hex/Air        3%         N/A       100%        5
 Death Channel            Necr           3%         N/A       100%        6
 Eringya's Noxious Bog    Tmut/Pois      10%        N/A       100%        6
 Iron Shot                Conj/Erth      3%         9d2       100%        6
 Plasma Beam              Fire/Air       3%         2x1d14    100%        6
 Simulacrum               Ice/Necr       3%         N/A       100%        6
 Starburst                Conj/Fire      3%         6d3       100%        6
 Statue Form              Tmut/Erth      13%        N/A       100%        6
 Enfeeble                 Hex            3%         N/A       100%        7
 Haunt                    Necr/Summ      3%         N/A       100%        7
 Orb of Destruction       Conj           3%         9d5       100%        7
 Ozocubu's Refrigeration  Ice            3%         4d8       100%        7
 Spellforged Servitor     Conj/Summ      3%         N/A       100%        7
 Storm Form               Tmut/Air       10%        N/A       100%        7
 Borgnjor's Revivificati  Necr           3%         N/A       100%        8
 Discord                  Hex            3%         N/A       100%        8
 Disjunction              Tloc           25%        N/A       100%        8
 Ignition                 Fire           3%         3d4       100%        8
 Infestation              Necr           3%         N/A       100%        8
 Lehudib's Crystal Spear  Conj/Erth      3%         10d2      100%        8
 Necromutation            Tmut/Necr      10%        N/A       100%        8
 Chain Lightning          Conj/Air       3%         3d4       100%        9
 Death's Door             Necr           3%         N/A       100%        9
 Fire Storm               Conj/Fire      3%         8d1       100%        9
 Shatter                  Erth           3%         3d7*      100%        9


Dungeon Overview and Level Annotations

Branches:
Dungeon (15/15)            Temple (1/1) D:7            Lair (5/5) D:8
  Swamp (4/4) Lair:3       Spider (4/4) Lair:3        Slime (5/5) Lair:4
    Orc (2/2) D:10            Elf (3/3) Orc:2        Vaults (5/5) D:14
  Crypt (3/3) Vaults:3       Tomb (2/3) Crypt:3      Depths (4/4) D:15
   Hell (visited)             Dis (3/7) Hell            Geh (1/7) Hell
    Coc (0/7) Hell            Tar (0/7) Hell            Zot (5/5) Depths:4
  Sewer (visited)         Gauntlet (visited)

Altars:
Ashenzari
Cheibriados
Fedhas
Gozag
Hepliaklqana
Nemelex Xobeh
Okawaru
Qazlal
Sif Muna
Trog
Uskayaw
Vehumet
Wu Jian
Xom
Yredelemnul
Zin
The Shining One
Jiyva
Lugonu

Shops:
D:4 (   D:7 (   D:15 (   Orc:2 [[=*(   Elf:2 !   Vaults:1 [[   Vaults:2 [**!(
Vaults:4 (   Depths:1 (*:(=

Portals:
Hell: Depths:1 Depths:2 Depths:3 Depths:4
Abyss: Lair:5 Depths:2 Depths:3
Pandemonium: Depths:2

Annotations:
Swamp:2 Roxanne
Elf:2 1 runed translucent door
Depths:2 8 runed translucent doors


Innate Abilities, Weirdness & Mutations

You have a pair of horns on your head.
You reflexively headbutt those who attack you in melee.
You have sharp toenails.
Your mind is acute. (Int +4, Str/Dex -1)
Armour fits poorly on your strangely shaped body.
You are very frail. (-20% HP)
Your magical capacity is low. (-10% MP)
Your system is resistant to poisons. (rPois)
You occasionally shout uncontrollably at your foes.
You occasionally lose the ability to read scrolls when taking damage.


Message History

The Orb Guardian hits you!!
* * * LOW HITPOINT WARNING * * *
The moth of wrath barely misses you.
An Orb Guardian comes into view.
The orb of fire glows yellow.
Strange energies course through your body.
You occasionally lose the ability to read scrolls when taking damage.
The electric golem is engulfed in freezing vapours.
The green draconian hits your air elemental with a +0 halberd!!
The green draconian tail-slaps your air elemental!
Your air elemental is destroyed!
Your air elemental disappears in a puff of smoke!
The white draconian stormcaller is engulfed in blazing flames.
The storm dragon is engulfed in freezing vapours.
An Orb Guardian comes into view.
Your air elemental closely misses the Orb Guardian.
Your juvenile batsting beast is engulfed in a thunderstorm.
You kill your juvenile batsting beast!
Your juvenile batsting beast's corpse disappears in a puff of smoke!
You feel much better.
The Orb Guardian is no longer paralysed.
The red draconian scorcher is no longer paralysed.
The white draconian is no longer paralysed.
Your air elemental disappears in a puff of smoke!
The deathcap is no longer paralysed.
The quicksilver dragon completely misses you.
The quicksilver dragon claws you but does no damage.
The Orb Guardian hits you!
* * * LOW HITPOINT WARNING * * *
The Orb Guardian hits you!!!
You feel threatened and lose the ability to read scrolls!
* * * LOW HITPOINT WARNING * * *
The quicksilver dragon bites you.
* * * LOW HITPOINT WARNING * * *
The quicksilver dragon claws you!
* * * LOW HITPOINT WARNING * * *
You feel more protected from physical attacks.
The electric golem crackles and sizzles.
The electric golem blinks!
The Orb Guardian hits you!!!
You die...

*,,,,,,,,,,,,,,,,,,,,* **,,,
*,,,.....,,,,,,^,,,,,***,,,,
**,,.....,,,,,,,,,,,***,,,**
**,...≈..,,,,,,,,,**,,,,**
**..^.§.,,,,,^,,,^^,,***
*▓^).dX##▓▓▓▓▓▓▓*****
**....XXqq°......****
**,.....DXXD.p....,,,***
**,,.....X*@*f.....,,,,,**
*,,,....df*y*X.....,,,,,,* *
*,,,....§p§z§°X....,,,,,,***
**,,.......°.§..XX.,,,,,,**,
**,...............,,,,,,*,,
**....p..9......X,,,,,,,,,
**,..............^,,,,,,*,,
**,,........../....,,,,,^**,
*,^,,,,,,,,,,,,,,,,,,,,,,***


You could see 4 orbs of fire, 3 Killer Klowns, an electric golem, a tentacled
monstrosity, a storm dragon, a green draconian (unaware), a white draconian
(unaware), a curse toe, a quicksilver dragon (berserk), a white draconian
stormcaller, 10 Orb Guardians, a red draconian scorcher (unaware), 2 deathcaps
and a moth of wrath.

Vanquished Creatures
  the Royal Jelly (Slime:5)
  Tiamat (Zot:1)
  5 dread liches
  An ancient lich (Vaults:5)
  2 orbs of fire
  2 juggernauts
  Mara (Depths:1)
  The ghost of Hynnuzim the Warrior, a veteran CeHu of the Shining One (Crypt:3)
  A pandemonium lord (Zig:2)
  Parghit (Zot:3)
  The ghost of Voydouki the Impregnable, a veteran MiGl of Hepliaklqana (Crypt:1)
  4 royal mummies (Tomb:1)
  A Killer Klown (Zot:2)
  Bai Suzhen (Swamp:3)
  2 curse toes
  Margery (Vaults:4)
  A caustic shrike (Depths:3)
  Geryon (Hell)
  11 golden dragons
  2 profane servitors (Zig:15)
  An electric golem (Zot:3)
  Jorgrun (Orc:2)
  A walking crystal tome (Depths:3)
  18 tentacled monstrosities
  A hellephant (Geh:1)
  A Hell Sentinel (Hell)
  7 liches
  The ghost of woowoo the Executioner, an adept MiFi of Hepliaklqana (Depths:1)
  2 deep elf blademasters (Elf:3)
  5 quicksilver dragons
  A searing wretch (Hell)
  A walking frostbound tome (Depths:3)
  9 titans
  3 deep elf master archers
  The ghost of erynZofia the Crack Shot, an adept GrHu of Okawaru (Vaults:2)
  8 death cobs
  8 tentacled starspawn
  25 acid blobs
  14 shadow dragons
  11 sphinxes
  16 ancient champions
  13 storm dragons
  Kirke (Swamp:1)
  Agnes (Spider:2)
  8 tengu reavers
  2 fenstrider witches (Swamp:2)
  8 draconian monks
  25 azure jellies
  2 thorn hunters (Swamp:4)
  5 revenants
  The ghost of AyAyRon the Bludgeoner, an adept DsFi of Yredelemnul (D:15)
  15 fire giants
  18 rockslimes
  6 deep elf sorcerers (Elf:3)
  15 draconian scorchers
  5 draconian knights
  A quicksilver elemental (Dis:3)
  A spectral caustic shrike (Crypt:3)
  3 emperor scorpions
  9 frost giants
  20 vault wardens
  10 ghost moths
  Louise (Depths:3)
  3 iron dragons
  4 balrugs
  4 cacodemons
  3 orc warlords
  A shard shrike simulacrum (Crypt:3)
  6 curse skulls
  21 very ugly things
  3 ghouls
  12 draconian shifters
  8 reapers
  17 ironbound preservers
  18 quicksilver oozes
  8 draconian annihilators
  6 draconian stormcallers
  6 deep elf elementalists
  9 war gargoyles
  17 stone giants
  A broodmother (Lair:3)
  4 spriggan defenders
  10 ironbound thunderhulks
  6 green draconians
  8 vampire knights
  The ghost of DemonSlayer the Thaumaturge, a journeyman DsEE of Dithmenos (Lair:5)
  6 deep elf annihilators
  10 dire elephants
  8 deep elf demonologists
  4 bunyips
  5 eleionomae
  9 black draconians
  13 white draconians
  9 spark wasps
  18 purple draconians
  15 yellow draconians
  14 red draconians
  A minotaur (Gauntlet)
  10 eidola
  3 merfolk javelineers
  A crystal guardian (Vaults:4)
  7 deep elf death magi
  4 blizzard demons
  An iron golem (Dis:1)
  2 merfolk impalers (Depths:4)
  8 ettins
  Josephine (D:12)
  4 shambling mangroves
  6 deep elf high priests
  A spectral quicksilver dragon (Crypt:3)
  11 yaktaur captains
  7 mummy priests
  9 entropy weavers
  13 fire dragons
  5 spectral spriggans (Crypt:3)
  A rakshasa (Depths:2)
  10 great orbs of eyes
  31 vault guards
  A caustic shrike simulacrum (Crypt:3)
  Erolcha (Orc:2)
  A peacekeeper (Vaults:4)
  10 ice dragons
  24 hydras
  A quicksilver dragon skeleton (Crypt:1)
  2 salamander tyrants (Hell)
  2 ghost crabs
  12 ironbound frosthearts
  2 catoblepae
  3 ogre magi
  3 spriggan skeletons
  3 radroaches
  A hell beast (Zig:2)
  An anaconda (shapeshifter) (D:15)
  10 boulder beetles
  An alligator snapping turtle (Zig:7)
  5 jorogumos
  11 centaur warriors
  The ghost of nroviw the Arsonist, a novice DsFE of Jiyva (D:10)
  2 two-headed ogres (shapeshifter)
  A stoker (Geh:1)
  10 alligators
  A satyr (shapeshifter) (Depths:2)
  35 dancing weapons
  7 deep troll shamans
  9 tengu warriors
  10 two-headed ogres
  4 hell hogs (Geh:1)
  10 deep troll earth magi
  3 vampire magi
  38 death scarabs
  A titan zombie (Vaults:1)
  14 death yaks
  8 spriggan berserkers
  2 spectral storm dragons (Crypt:3)
  Urug (Lair:2)
  8 thrashing horrors
  A quicksilver ooze zombie (Crypt:1)
  10 orc high priests
  24 deep elf knights
  A shock serpent (shapeshifter) (Zig:11)
  9 iron trolls
  A crystal echidna (Dis:1)
  4 soul eaters
  A wretched star (Zig:8)
  10 hell knights
  9 sun demons
  A salamander mystic (Zig:1)
  15 skeletal warriors
  9 fire crabs
  5 pharaoh ants
  6 shadow wraiths
  A spectral bunyip (Crypt:3)
  A skyshark (shapeshifter) (Vaults:4)
  4 skysharks
  5 spriggan druids
  5 goliath frogs
  A storm dragon skeleton (Hell)
  2 titan skeletons
  12 flayed ghosts
  A deep troll (shapeshifter) (D:13)
  A spectral anaconda (Crypt:3)
  5 sun moths
  A spatial maelstrom (Zig:15)
  A ghost moth zombie (Crypt:2)
  66 deep trolls
  An orb spider (shapeshifter) (Zig:11)
  13 bog bodies
  10 glowing orange brains
  2 obsidian statues (Zig:10)
  A spectral iron dragon (Crypt:3)
  2 goliath frogs (shapeshifter)
  A golden dragon zombie (Depths:2)
  12 swamp dragons
  11 orb spiders
  17 ironbound convokers
  4 orange crystal statues
  2 spriggan simulacra (Crypt:3)
  9 harpies
  7 lindwurms
  12 steelbarb worms
  10 orc knights
  29 deep elf zephyrmancers
  22 phantasmal warriors
  16 deep elf archers
  14 wizards
  32 deep elf pyromancers
  8 shining eyes
  13 necromancers
  22 wolf spiders
  2 human zombies
  A bunyip skeleton (Tomb:1)
  A cyclops (shapeshifter) (Depths:2)
  4 will-o-the-wisps
  2 fire giant zombies
  44 ugly things
  6 manticores
  2 spectral ettins (Crypt:3)
  2 orc sorcerers
  A tengu skeleton (Depths:2)
  3 worldbinders (Abyss:3)
  An eleionoma zombie (Crypt:1)
  A glowing shapeshifter (Vaults:5)
  5 cyclopes
  A frost giant zombie (Depths:2)
  A manticore (shapeshifter) (Zig:11)
  A faun (Zig:5)
  2 iron dragon skeletons
  A stone giant zombie (Crypt:3)
  31 moths of wrath
  A stone giant skeleton (Vaults:1)
  4 molten gargoyles (Hell)
  15 elephants
  A dire elephant zombie (Crypt:3)
  4 ice statues
  17 vault sentinels
  An eye of devastation (shapeshifter) (Vaults:5)
  6 rust devils
  14 black mambas
  A water nymph (Zig:7)
  7 demonic crawlers
  5 eyes of devastation
  A cane toad (shapeshifter) (D:13)
  12 smoke demons
  An alligator snapping turtle zombie (Tomb:1)
  4 hellions (Dis:1)
  7 komodo dragons
  A yellow draconian zombie (Crypt:3)
  2 titan simulacra
  22 cane toads
  2 gargoyles
  2 centaur skeletons (Tomb:1)
  12 torpor snails
  3 rime drakes
  29 yaktaurs
  4 efreet
  16 freezing wraiths
  A green draconian zombie (Crypt:3)
  5 tormentors
  A pale draconian skeleton (Crypt:1)
  17 guardian mummies
  6 spectral harpies (Crypt:3)
  3 tengu conjurers
  7 ancient zymes
  A hydra zombie (Abyss:3)
  A red devil (Hell)
  2 trolls (shapeshifter)
  7 tyrant leeches
  A black draconian skeleton (Crypt:1)
  A human skeleton (Vaults:5)
  9 trolls
  2 bloated husks (Swamp:1)
  2 merfolk (Zig:7)
  Prince Ribbit (D:5)
  3 meliai
  Grinder (D:4)
  An iron troll skeleton (Crypt:3)
  A queen bee (Lair:5)
  6 polar bears
  8 dream sheep
  12 large abominations
  20 hornets
  35 blink frogs
  9 raiju
  20 tarantellas
  A meliai zombie (Crypt:2)
  A snapping turtle (Zig:7)
  A fire giant simulacrum (Depths:1)
  A spectral black mamba (Crypt:3)
  A centaur simulacrum (Hell)
  31 jumping spiders
  A guardian serpent zombie (Crypt:3)
  A stone giant simulacrum (Crypt:3)
  14 flying skulls
  13 water elementals
  5 air elementals
  2 shadows
  6 wyverns
  A culicivora (shapeshifter) (Lair:5)
  22 culicivoras
  19 wraiths
  A naga simulacrum (Crypt:3)
  46 yaks
  113 slime creatures
  2 slime creatures (shapeshifter)
  2 fire bats (Abyss:3)
  17 spriggans
  6 ynoxinuls
  8 basilisks
  3 ushabtiu (Tomb:1)
  8 fire elementals
  6 hogs (Swamp:1)
  5 golden eyes
  3 steam dragons
  12 small abominations
  8 neqoxecs
  A steam dragon (shapeshifter) (Elf:2)
  3 chaos spawn
  11 vampire mosquitoes
  3 wargs
  15 swamp worms
  2 harpy simulacra (Crypt:3)
  A glowing shapeshifter zombie (Vaults:5)
  2 naga zombies
  A minotaur simulacrum (Crypt:3)
  53 redbacks
  2 skyshark zombies
  Menkaure (D:4)
  3 acid dragons
  A naga (shapeshifter) (D:15)
  A cane toad zombie (Crypt:1)
  2 swamp worms (shapeshifter)
  19 water moccasins
  6 hell hounds
  A faun skeleton (Crypt:3)
  A hydra simulacrum (Hell)
  6 swamp drakes
  A floating eye (shapeshifter) (D:12)
  2 black bears
  43 orc warriors
  A sky beast (D:7)
  A dream sheep zombie (Crypt:2)
  An ice beast (D:7)
  16 ogres
  A hog zombie (Crypt:2)
  A tengu (shapeshifter) (Vaults:5)
  7 wolves
  A boggart (Elf:1)
  10 centaurs
  2 lindwurm skeletons
  2 phantoms
  10 kobold brigands
  A fire crab zombie (Crypt:2)
  19 bullfrogs
  A bullfrog (shapeshifter) (Lair:5)
  2 earth elementals
  3 gnoll sergeants
  A scorpion (D:6)
  14 wights
  A troll zombie (Crypt:3)
  A shapeshifter zombie (Crypt:2)
  12 killer bees
  4 electric eels
  7 howler monkeys
  A jelly (D:5)
  A quasit (Abyss:3)
  A gnoll bouda (Zig:10)
  Crazy Yiuf (D:4)
  30 orc priests
  5 hounds
  4 iron imps
  62 starcursed masses
  A basilisk skeleton (Crypt:3)
  4 iguanas
  13 orc wizards
  2 sleepcaps
  Ijyb (D:3)
  An ice beast zombie (Crypt:2)
  23 mummies
  11 gnolls
  2 river rats (Sewer)
  An adder (shapeshifter) (D:15)
  10 adders
  2 ufetubi
  A worm (D:4)
  4 dart slugs
  63 orcs
  7 ball pythons
  7 bats
  7 endoplasms
  7 giant cockroaches
  5 hobgoblins
  A jackal (Sewer)
  20 kobolds
  5 quokkas
  A bat (shapeshifter) (D:15)
  A frilled lizard (D:2)
  6 goblins
  9 rats
  2 fire vortices (Geh:1)
  23 starspawn tentacles
3004 creatures vanquished.

Vanquished Creatures (collateral kills)
  A yellow draconian (Zot:5)
  A red draconian (Zot:5)
  2 orb spiders (Zig:16)
4 creatures vanquished.

Vanquished Creatures (others)
  Nikola (Elf:1)
  2 fire giants
  A green draconian (Zot:1)
  A fire dragon (Zot:1)
  A hydra (Swamp:4)
  A dancing weapon (Elf:1)
  2 deep elf knights (Elf:1)
  A deep elf pyromancer (Elf:1)
  2 deep elf zephyrmancers (Elf:2)
  A moth of wrath (Zig:13)
  A demonic crawler (Zig:16)
  2 bloated husks (Swamp:2)
  2 tarantellas
  A hornet (Swamp:4)
  A raiju (Zig:15)
  A culicivora (Spider:1)
  A water elemental (Elf:2)
  An orc (Vaults:5)
  12 foxfires
  10 starspawn tentacles
45 creatures vanquished.

Grand Total: 3053 creatures vanquished

Notes
Turn   | Place    | Note
-------+----------+-------------------------------------------
     0 | D:1      | monsoonserge the Minotaur Fighter began the quest for the
                  | Orb.
     0 | D:1      | Reached XP level 1. HP: 19/19 MP: 0/0
     0 | D:1      | Noticed an ice dragon
     1 | D:1      | Noticed a shadow dragon
     3 | D:1      | Noticed an iron dragon
     3 | D:1      | Noticed a black draconian
     6 | D:1      | Noticed a shadow dragon
     7 | D:1      | Noticed a red draconian
    10 | D:1      | Noticed a shadow dragon
    12 | D:1      | Noticed an orb of fire
    14 | D:1      | Noticed a tentacled monstrosity
    14 | D:1      | Noticed an ice dragon
    16 | D:1      | Noticed a tentacled monstrosity
    16 | D:1      | Noticed a shadow dragon
    18 | D:1      | Noticed an orb of fire
    20 | D:1      | Noticed an iron dragon
   153 | D:1      | Reached XP level 2. HP: 27/27 MP: 1/1
   637 | D:1      | Reached XP level 3. HP: 18/33 MP: 2/2
  1009 | D:2      | Found a basalt altar of Yredelemnul.
  1191 | D:2      | Reached XP level 4. HP: 38/41 MP: 3/3
  1365 | D:3      | Found a shimmering altar of Xom.
  1366 | D:3      | Found a shimmering altar of Xom.
  1369 | D:3      | Found a shimmering altar of Xom.
  1370 | D:3      | Found a shimmering altar of Xom.
  1370 | D:3      | Found a shimmering altar of Xom.
  1370 | D:3      | Found a shimmering altar of Xom.
  1467 | D:3      | Found a faded altar of an unknown god.
  1485 | D:3      | Prayed at the altar of an unknown god.
  1485 | D:3      | Became a worshipper of Qazlal Stormbringer
  1485 | D:3      | Reached * piety under Qazlal
  1578 | D:3      | Found a shimmering blue altar of Sif Muna.
  1763 | D:3      | Noticed Ijyb
  1788 | D:3      | Killed Ijyb
  2033 | D:4      | Noticed Menkaure
  2040 | D:4      | Killed Menkaure
  2041 | D:4      | Reached skill level 5 in Fighting
  2041 | D:4      | Reached skill level 5 in Axes
  2041 | D:4      | Reached skill level 1 in Invocations
  2041 | D:4      | Reached XP level 5. HP: 13/48 MP: 4/4
  2169 | D:4      | Found a stormy altar of Qazlal.
  2173 | D:4      | Reached XP level 6. HP: 56/56 MP: 5/5
  2217 | D:4      | Found a glowing drain.
  2242 | Sewer    | Entered a sewer
  2353 | Sewer    | Reached skill level 1 in Evocations
  2483 | Sewer    | Found a white marble altar of Elyvilon.
  2653 | D:4      | Noticed Grinder
  2658 | D:4      | Paralysed by Grinder for 2 turns
  2676 | D:4      | Killed Grinder
  2677 | D:4      | Reached skill level 1 in Dodging
  2677 | D:4      | Reached XP level 7. HP: 19/64 MP: 7/7
  2836 | D:4      | Found a snail-covered altar of Cheibriados.
  2896 | D:4      | Found a radiant altar of Vehumet.
  2941 | D:4      | Noticed a yak
  2954 | D:4      | Found Pomon's Weapon Emporium.
  2976 | D:4      | Found a transporter.
  2982 | D:4      | Found a transporter.
  2989 | D:4      | Reached ** piety under Qazlal
  3187 | D:4      | Found a runed translucent door.
  3188 | D:4      | Noticed Crazy Yiuf
  3193 | D:4      | Killed Crazy Yiuf
  3335 | D:5      | Entered Level 5 of the Dungeon
  3538 | D:5      | Reached XP level 8. HP: 63/73 MP: 9/9
  3598 | D:5      | Reached skill level 1 in Throwing
  3836 | D:5      | Reached skill level 5 in Armour
  3951 | D:5      | Reached skill level 1 in Polearms
  4153 | D:5      | Found an iron altar of Okawaru.
  4155 | D:5      | Noticed Prince Ribbit
  4167 | D:5      | Killed Prince Ribbit
  4478 | D:6      | Found an ornate altar of the Wu Jian Council.
  4642 | D:6      | Found the amulet of Elemental Vulnerability {rPois rF--
                  | rC-- AC+8}
  4779 | D:6      | Reached XP level 9. HP: 69/81 MP: 11/11
  5173 | D:7      | Reached skill level 5 in Polearms
  5314 | D:7      | Found Gaofagos's Antique Weapon Shoppe.
  5576 | D:7      | Found a staircase to the Ecumenical Temple.
  5584 | Temple   | Entered the Ecumenical Temple
  5594 | Temple   | Reached skill level 5 in Shields
  5603 | Temple   | Reached *** piety under Qazlal
  5604 | Temple   | Reached skill level 5 in Invocations
  6503 | D:8      | Identified the +1 quarterstaff "Minotaur's Peril" {spect,
                  | rCorr}
  6618 | D:8      | Reached XP level 10. HP: 91/91 MP: 13/13
  6828 | D:8      | Found a staircase to the Lair.
  6911 | Lair:1   | Entered Level 1 of the Lair of Beasts
  6921 | Lair:1   | Noticed a cane toad
  6930 | Lair:1   | Killed a cane toad
  7205 | Lair:1   | Found a transporter.
  7258 | Lair:1   | Found a transporter.
  7261 | Lair:1   | Noticed a black mamba
  7261 | Lair:1   | Noticed a black mamba
  7261 | Lair:1   | Noticed a black mamba
  7261 | Lair:1   | Noticed a black mamba
  7262 | Lair:1   | Noticed a swamp dragon
  7262 | Lair:1   | Noticed a black mamba
  7376 | Lair:1   | Identified the +0 scale mail of the Crypt {rN+}
  7577 | Lair:1   | Noticed a cane toad
  7584 | Lair:1   | Killed a cane toad
  7806 | Lair:1   | Noticed a cane toad
  7814 | Lair:1   | Noticed a cane toad
  7816 | Lair:1   | Killed a cane toad
  7817 | Lair:1   | Killed a cane toad
  7818 | Lair:1   | Reached skill level 1 in Maces & Flails
  7826 | Lair:1   | Reached **** piety under Qazlal
  8255 | Lair:1   | Reached XP level 11. HP: 63/99 MP: 15/15
  8402 | Lair:2   | Reached skill level 10 in Fighting
  8555 | Lair:2   | Reached skill level 5 in Maces & Flails
  8719 | Lair:2   | You fall into a shaft and drop 1 floor!
  8935 | Lair:3   | Found a hole to the Spider Nest.
  8997 | Lair:3   | Noticed a boulder beetle
  9010 | Lair:3   | Killed a boulder beetle
  9311 | Lair:2   | Identified the +1 ring mail of Grace {Regen+ MP+9 Dex+2}
  9864 | Lair:2   | Noticed a skyshark
  9872 | Lair:2   | Killed a skyshark
  9873 | Lair:2   | Reached skill level 10 in Maces & Flails
  9873 | Lair:2   | Reached XP level 12. HP: 100/107 MP: 16/16
  9933 | Lair:2   | Noticed Urug
  9948 | Lair:2   | Killed Urug
  9965 | Lair:2   | Reached skill level 10 in Armour
 10638 | Lair:3   | Noticed a four-headed hydra
 10642 | Lair:3   | Killed a four-headed hydra
 10662 | Lair:3   | Noticed an eight-headed hydra
 10909 | Lair:3   | Killed an eight-headed hydra
 10910 | Lair:3   | Reached XP level 13. HP: 98/116 MP: 17/17
 11296 | Lair:3   | Found a staircase to the Swamp.
 11687 | Lair:4   | Reached ***** piety under Qazlal
 12358 | Lair:4   | Found a staircase to the Slime Pits.
 12358 | Lair:4   | Found a viscous altar of Jiyva.
 12558 | Lair:5   | Entered Level 5 of the Lair of Beasts
 12562 | Lair:5   | Found a transporter.
 12562 | Lair:5   | Found a transporter.
 12563 | Lair:5   | Noticed DemonSlayer's ghost (journeyman DsEE)
 12772 | Lair:5   | Reached skill level 15 in Maces & Flails
 13209 | Lair:5   | Reached XP level 14. HP: 127/127 MP: 19/19
 13628 | Lair:5   | Reached skill level 10 in Shields
 14241 | Lair:5   | Reached ****** piety under Qazlal
 14559 | Lair:5   | Found a corrupted altar of Lugonu.
 14559 | Lair:5   | Found a one-way gate to the infinite horrors of the Abyss.
 15324 | Spider:1 | Entered Level 1 of the Spider Nest
 15324 | Spider:1 | Noticed a broodmother
 15324 | Spider:1 | Found a frozen archway.
 15351 | Lair:3   | Killed a broodmother
 16183 | Lair:3   | Killed a ghost moth
 16522 | Swamp:1  | Entered Level 1 of the Swamp
 16555 | Swamp:1  | Reached skill level 5 in Dodging
 16845 | Swamp:1  | Reached XP level 15. HP: 133/138 MP: 21/21
 17028 | Swamp:1  | Noticed Kirke
 17156 | Swamp:1  | Killed Kirke
 18360 | Swamp:2  | Noticed Roxanne
 18553 | Swamp:2  | Noticed a fenstrider witch
 18559 | Swamp:2  | Killed a fenstrider witch
 18915 | Swamp:3  | Noticed a fenstrider witch
 18924 | Swamp:3  | Paralysed by a fenstrider witch for 3 turns
 19517 | Lair:5   | Killed DemonSlayer's ghost
 19697 | D:9      | Reached skill level 5 in Evocations
 20045 | D:9      | Found a faded altar of an unknown god.
 20045 | D:9      | Found a hazy altar of Hepliaklqana.
 20045 | D:9      | Found a faded altar of an unknown god.
 20113 | D:9      | Identified the +2 pair of boots "Gown" {rPois}
 20429 | D:10     | Entered Level 10 of the Dungeon
 20555 | D:10     | Reached skill level 10 in Invocations
 20696 | D:10     | Reached skill level 15 in Fighting
 20710 | D:10     | Found a staircase to the Orcish Mines.
 20852 | D:10     | Found a runed translucent gate.
 20852 | D:10     | Found a runed translucent gate.
 20852 | D:10     | Found a runed translucent gate.
 20852 | D:10     | Noticed nroviw's ghost (novice DsFE)
 21261 | D:10     | Killed nroviw's ghost
 21431 | D:11     | Found a gate leading to a gauntlet.
 21488 | Gauntlet | Entered a Gauntlet
 21488 | Gauntlet | Found a transporter.
 21490 | Gauntlet | Found a runed translucent door.
 21493 | Gauntlet | Found a transporter.
 21493 | Gauntlet | Found a transporter.
 21509 | Gauntlet | Found a transporter.
 21510 | Gauntlet | Found a transporter.
 21547 | Gauntlet | Found a transporter.
 21564 | Gauntlet | Found a transporter.
 21583 | Gauntlet | Found a transporter.
 21588 | Gauntlet | Found a transporter.
 21603 | Gauntlet | Found a transporter.
 21613 | Gauntlet | Found a transporter.
 21627 | Gauntlet | Found a transporter.
 21637 | Gauntlet | Found a transporter.
 21661 | Gauntlet | Found a transporter.
 21909 | Gauntlet | Identified the +7 hand crossbow "Faofaew" {penet, rC+ Will+
                  | Str+5}
 21957 | Gauntlet | Identified the +0 pair of gloves of the Thoughtful Towns
                  | {rF+ Will+ Int+4}
 21987 | Gauntlet | Identified the +5 long sword of Valour {freeze, rElec}
 22056 | Gauntlet | Got the Parchment of the Changing Tempest
 22232 | D:11     | Reached XP level 16. HP: 149/149 MP: 22/22
 22871 | D:12     | Noticed Josephine
 22913 | D:12     | Killed Josephine
 23546 | D:12     | Reached skill level 1 in Ranged Weapons
 25517 | Spider:1 | Identified the +2 robe "Pieppos" {*Slow rCorr Dex+4 Slay-2}
 25797 | Spider:2 | Noticed Agnes
 25803 | Spider:2 | Killed Agnes
 25896 | Spider:2 | Reached skill level 5 in Ranged Weapons
 26046 | Spider:2 | Reached skill level 15 in Shields
 27972 | Swamp:3  | Noticed Bai Suzhen
 28013 | Swamp:3  | Killed Bai Suzhen
 28014 | Swamp:3  | Reached XP level 17. HP: 95/158 MP: 23/23
 28612 | Swamp:2  | Identified 2 scrolls of acquirement
 28621 | Swamp:2  | Acquired the ring of Wurgh {Fly rPois rF+ Will-}
 28623 | Swamp:2  | Acquired the ring "Vunluuth" {Fly rElec rN+ Str+5 Slay+3}
 28866 | Swamp:4  | Entered Level 4 of the Swamp
 29814 | Swamp:4  | Identified the +6 shortbow of Cais {drain, rC++ rN+ Int-2
                  | SInv}
 29858 | Swamp:4  | Got a decaying rune of Zot
 30242 | Orc:1    | Entered Level 1 of the Orcish Mines
 30438 | Orc:2    | Entered Level 2 of the Orcish Mines
 30522 | Orc:2    | Paralysed by an orc sorcerer for 4 turns
 30891 | Orc:2    | Noticed Erolcha
 30902 | Orc:2    | Killed Erolcha
 31224 | Orc:2    | Found Mupeme's Weapon Shop.
 31290 | Orc:2    | Found a staircase to the Elven Halls.
 31357 | Orc:1    | Noticed Jorgrun
 31382 | Orc:2    | Killed Jorgrun
 32398 | Orc:2    | Found Fovus's General Store.
 32398 | Orc:2    | Found Etzoipew's Antique Armour Boutique.
 32399 | Orc:2    | Found Latasch's Jewellery Shop.
 32399 | Orc:2    | Found Jomumn's Antique Armour Boutique.
 32410 | Orc:2    | Bought a potion of heal wounds for 65 gold pieces
 32413 | Orc:2    | Bought a pair of faintly glowing boots for 294 gold pieces
 32413 | Orc:2    | Identified the +1 pair of boots "Teofof" {rPois Str+2 Int-3
                  | SInv} (You bought it in a shop on level 2 of the Orcish
                  | Mines)
 32429 | Orc:2    | Bought a steaming scale mail for 279 gold pieces
 32429 | Orc:2    | Identified the +2 scale mail of Enkoqoen {+Inv rC+ Dex+3}
                  | (You bought it in a shop on level 2 of the Orcish Mines)
 32574 | Elf:1    | Entered Level 1 of the Elven Halls
 32618 | Elf:1    | Noticed Nikola
 32624 | Elf:1    | Killed Nikola
 32980 | Elf:1    | Reached XP level 18. HP: 157/168 MP: 24/24
 33255 | Elf:1    | Paralysed by an air elemental for 1 turns
 33258 | Elf:1    | Paralysed by an air elemental for 1 turns
 33354 | Elf:1    | Reached skill level 10 in Axes
 33998 | Elf:2    | Found Golueq's Distillery.
 34010 | Elf:2    | Found a radiant altar of Vehumet.
 34062 | Elf:2    | Bought a potion of heal wounds for 90 gold pieces
 34062 | Elf:2    | Bought a potion of might for 72 gold pieces
 34062 | Elf:2    | Bought a potion of berserk rage for 90 gold pieces
 34062 | Elf:2    | Bought a potion of heal wounds for 90 gold pieces
 34544 | Elf:2    | Found a runed translucent door.
 34568 | Elf:2    | Found a runed translucent door.
 34630 | Elf:2    | Paralysed by an air elemental for 1 turns
 34662 | Elf:2    | Identified the +2 long sword of the Eleven Blessings
                  | {freeze, Drain rPois rC++ Int+3}
 35022 | Elf:3    | Entered Level 3 of the Elven Halls
 35042 | Abyss:3  | Cast into level 3 of the Abyss (a deep elf sorcerer)
 35111 | Abyss:3  | Reached skill level 10 in Ranged Weapons
 35140 | Abyss:3  | Noticed a lich
 35153 | Abyss:3  | Killed a lich
 35157 | Abyss:3  | Paralysed by accursed screaming for 1 turns
 35185 | Abyss:3  | Paralysed by accursed screaming for 1 turns
 35322 | Elf:3    | Escaped the Abyss
 35720 | Elf:3    | Found a radiant altar of Vehumet.
 35777 | Elf:3    | Paralysed by an air elemental for 1 turns
 35789 | Elf:3    | Reached skill level 5 in Throwing
 35810 | Elf:3    | Reached XP level 19. HP: 139/179 MP: 25/25
 36275 | Elf:3    | Identified the +3 leather armour of Odecelumyo {rElec rPois
                  | Int+4}
 36872 | Elf:3    | Identified the +14 plate armour "Opler" {Regen+ MP+9 Int+4}
 36889 | Elf:3    | Noticed a Brimstone Fiend
 36892 | Abyss:3  | Cast into level 3 of the Abyss (a deep elf demonologist)
 37055 | Abyss:3  | Reached skill level 1 in Stealth
 37092 | Elf:3    | Escaped the Abyss
 37354 | Elf:3    | Identified the ring of Bulesh Buto {rF+ rCorr Int+6}
 37369 | Elf:3    | Noticed a Tzitzimitl
 37412 | Elf:3    | Identified the +3 rapier "Beast's Death" {heavy, Int+2}
 37421 | Elf:3    | Identified the staff of air "Eplyfei" {rElec Int+2 Stlth+}
 37479 | Elf:3    | Identified the staff of cold "Upim" {rPois rC+ Str+3}
 38059 | D:13     | You are sucked into a shaft and drop 2 floors!
 38059 | D:15     | Entered Level 15 of the Dungeon
 39069 | D:14     | Found a portal to a secret trove of treasure.
 39167 | D:14     | Found a gate to the Vaults.
 39692 | D:15     | Found a staircase to the Depths.
 39815 | D:15     | Reached skill level 15 in Armour
 39828 | D:15     | Found a runed translucent gate.
 39828 | D:15     | Found a runed translucent gate.
 39828 | D:15     | Found a runed translucent gate.
 39852 | D:15     | Found Tekhi's Antique Weapon Emporium.
 39858 | D:15     | Bought an ebony morningstar for 279 gold pieces
 39858 | D:15     | Identified the +0 morningstar of Defiance {drain, Drain
                  | rElec rPois rF+} (You bought it in a shop on level 15 of
                  | the Dungeon)
 40283 | Depths:1 | Entered Level 1 of the Depths
 40315 | Depths:1 | Found a gateway to Hell.
 40360 | Depths:1 | Found Uhusois's Jewellery Emporium.
 40437 | Depths:1 | Found a runed translucent door.
 40437 | Depths:1 | Noticed woowoo's ghost (adept MiFi)
 40560 | Depths:1 | Found Xofoys's Book Shop.
 40561 | Depths:1 | Found Heddiron's Weapon Shop.
 40563 | Depths:1 | Found Fyifaf's Antique Weapon Shop.
 40565 | Depths:1 | Found Zyris's Assorted Antiques.
 40800 | Depths:1 | Noticed Mara
 40807 | Depths:1 | Noticed monsoonserge's illusion
 40820 | Depths:1 | Killed Mara
 40821 | Depths:1 | Reached XP level 20. HP: 190/191 MP: 26/26
 40976 | Depths:1 | Identified the +1 leather armour "Koxzeisa" {rPois}
 41075 | Depths:1 | Killed woowoo's ghost
 41271 | Depths:2 | Found a large runed translucent door.
 41274 | Depths:2 | Found a large runed translucent door.
 41275 | Depths:2 | Found a large runed translucent door.
 41275 | Depths:2 | Noticed a golden dragon
 41614 | Depths:2 | Found a large runed translucent door.
 41615 | Depths:2 | Found a large runed translucent door.
 41617 | Depths:2 | Found a one-way gate leading to the halls of Pandemonium.
 42059 | Depths:2 | Found a large runed translucent door.
 42060 | Depths:2 | Found a large runed translucent door.
 42381 | Depths:2 | Found a large runed translucent door.
 42684 | Depths:3 | Noticed a caustic shrike
 42693 | Depths:3 | Killed a caustic shrike
 42698 | Depths:3 | Identified the +11 dagger of Megalomania {drain, rCorr}
 42790 | Hell     | Entered the Vestibule of Hell
 42790 | Hell     | Noticed Geryon
 43039 | Depths:3 | Noticed a juggernaut
 43062 | Depths:3 | Killed a juggernaut
 43185 | Depths:3 | Reached XP level 21. HP: 182/203 MP: 27/27
 43421 | D:14     | You paid a toll of 5 scrolls of fear to enter a treasure
                  | trove
 43422 | Trove    | Entered a treasure trove
 43431 | Trove    | Identified the amulet "Naul" {-Cast Rampage rC- Regen+
                  | rCorr Dex+7}
 43441 | Trove    | Identified the ring "Oluq" {*Corrode rElec rC+ rN+++ Int-2}
 43443 | Trove    | Identified the amulet of Ohuory {Faith rPois rN+ Will++}
 43446 | Trove    | Identified the ring "Earthly Heaven" {Wiz Str-5 Dex+9
                  | Stlth-}
 43448 | Trove    | Identified the ring of Ciggesat {+Blink rPois Str-3 SInv}
 43450 | Trove    | Identified the amulet of Red Wine {Spirit Int+4}
 43458 | Trove    | Identified the ring "Izuttohi" {+Blink Will+ EV+5 Int-5}
 43462 | Trove    | Identified the ring of the Freezing Gods {rElec rF+ Will+
                  | Int-4 Slay+4}
 43604 | Vaults:1 | Entered Level 1 of the Vaults
 43716 | Vaults:1 | Found Hanly's Armour Boutique.
 43757 | Vaults:1 | Learned a level 2 spell: Blink
 43771 | Vaults:1 | Found Umutarif's Antique Armour Boutique.
 43774 | Vaults:1 | Identified the +6 hand axe "Weleehem" {drain, rElec rF+}
 43856 | Vaults:1 | Reached skill level 1 in Translocations
 44020 | Vaults:1 | Reached skill level 1 in Spellcasting
 44873 | Vaults:2 | Found Qanebow's General Store.
 44952 | Vaults:2 | Found Plog's Antique Armour Shoppe.
 44967 | Vaults:2 | Learned a level 2 spell: Lesser Beckoning
 45090 | Vaults:2 | Found Periqov's Assorted Antiques.
 45103 | Vaults:2 | Found Vosystro's Distillery.
 45124 | Vaults:2 | Bought a potion of heal wounds for 110 gold pieces
 45124 | Vaults:2 | Bought a potion of heal wounds for 110 gold pieces
 45125 | Vaults:2 | Found Kusog's Antique Weapon Emporium.
 45133 | Vaults:2 | Bought a crystal trident for 246 gold pieces
 45133 | Vaults:2 | Identified the +7 trident "Focroheo" {antimagic, Int+3}
                  | (You bought it in a shop on level 2 of the Vaults)
 45482 | Vaults:2 | You are sucked into a shaft and drop 2 floors!
 45637 | Vaults:4 | Noticed Margery
 45649 | Vaults:4 | Killed Margery
 45864 | Vaults:4 | Reached XP level 22. HP: 215/215 MP: 28/28
 45941 | Vaults:4 | Found a radiant altar of Vehumet.
 47310 | Vaults:2 | Found a runed translucent gate.
 47310 | Vaults:2 | Found a runed translucent gate.
 47310 | Vaults:2 | Found a runed translucent gate.
 47310 | Vaults:2 | Noticed erynZofia's ghost (adept GrHu)
 47617 | Vaults:3 | Found a staircase to the Crypt.
 48432 | Vaults:4 | Found Hucan's Weapon Emporium.
 48764 | Vaults:5 | Entered Level 5 of the Vaults
 48840 | Crypt:1  | Entered Level 1 of the Crypt
 49090 | Vaults:2 | Killed erynZofia's ghost
 49102 | Vaults:2 | Identified the +1 robe "Ybuoqoh" {rCorr Archmagi}
 49441 | Slime:1  | Entered Level 1 of the Pits of Slime
 49499 | Slime:1  | Found a viscous altar of Jiyva.
 49798 | Slime:3  | You are sucked into a shaft and drop 1 floor!
 49805 | Slime:3  | Gained mutation: You are frail. (-10% HP) [a shining eye]
 50083 | Slime:3  | Gained mutation: You occasionally shout uncontrollably at
                  | your foes. [a shining eye]
 50086 | Slime:2  | Gained mutation: You are clumsy. (Dex -2) [a shining eye]
 50101 | Slime:2  | Gained mutation: You are occasionally teleported next to
                  | monsters. [a shining eye]
 50119 | Slime:3  | Reached skill level 5 in Translocations
 50265 | Slime:2  | Lost mutation: You are frail. (-10% HP) [potion of
                  | mutation]
 50265 | Slime:2  | Lost mutation: You are clumsy. (Dex -2) [potion of
                  | mutation]
 50265 | Slime:2  | Lost mutation: You occasionally shout uncontrollably at
                  | your foes. [potion of mutation]
 50265 | Slime:2  | Gained mutation: You occasionally lose the ability to drink
                  | potions when taking damage. [potion of mutation]
 50265 | Slime:2  | Gained mutation: You possess an exceptional clarity of
                  | mind. [potion of mutation]
 50266 | Slime:2  | Lost mutation: You are occasionally teleported next to
                  | monsters. [potion of mutation]
 50266 | Slime:2  | Lost mutation: You possess an exceptional clarity of mind.
                  | [potion of mutation]
 50266 | Slime:2  | Gained mutation: You possess an exceptional clarity of
                  | mind. [potion of mutation]
 50266 | Slime:2  | Gained mutation: You are strong-willed. (Will+) [potion of
                  | mutation]
 50756 | Slime:5  | Entered Level 5 of the Pits of Slime
 50764 | Slime:5  | Reached skill level 15 in Ranged Weapons
 50772 | Slime:5  | Noticed the Royal Jelly
 50806 | Slime:4  | Reached XP level 23. HP: 132/224 MP: 29/29
 50943 | Slime:4  | Gained mutation: You are partially covered in iridescent
                  | scales. (AC +2) [a shining eye]
 51115 | Slime:5  | Killed the Royal Jelly
 51270 | Slime:5  | Gained mutation: Your body sometimes deteriorates upon
                  | taking damage. [a shining eye]
 51271 | Slime:5  | Gained mutation: Your body often deteriorates upon taking
                  | damage. [a shining eye]
 51375 | Slime:5  | Found the +8 mithril axe "Arga" {speed, Will+}
 51463 | Slime:5  | Found the +7 great mace "Undeadhunter" {deathbane, rN+}
 51467 | Slime:5  | Identified the +8 mace of the Blushing Seeker {pain, Int+5
                  | Dex-4}
 51487 | Slime:5  | Got a slimy rune of Zot
 51507 | Slime:5  | Identified the +7 arbalest "Exyed" {flame, Str+6}
 51525 | Slime:5  | Identified the +9 hand axe of Carved Honour {speed, rN+}
 51555 | Slime:5  | Got Uhinisai's Handbook of Wintry Attendants
 52947 | Spider:3 | Learned a level 4 spell: Manifold Assault
 52993 | Spider:4 | Entered Level 4 of the Spider Nest
 53037 | Spider:3 | Lost mutation: Your body often deteriorates upon taking
                  | damage. [potion of mutation]
 53037 | Spider:3 | Lost mutation: You possess an exceptional clarity of mind.
                  | [potion of mutation]
 53037 | Spider:3 | Lost mutation: You occasionally lose the ability to drink
                  | potions when taking damage. [potion of mutation]
 53037 | Spider:3 | Gained mutation: Your spells are a little harder to cast,
                  | but a little more powerful. [potion of mutation]
 53037 | Spider:3 | Gained mutation: You are agile. (Dex +4, Str/Int -1)
                  | [potion of mutation]
 53038 | Spider:3 | Lost mutation: You are strong-willed. (Will+) [potion of
                  | mutation]
 53038 | Spider:3 | Lost mutation: Your spells are a little harder to cast, but
                  | a little more powerful. [potion of mutation]
 53038 | Spider:3 | Lost mutation: You are partially covered in iridescent
                  | scales. (AC +2) [potion of mutation]
 53038 | Spider:3 | Gained mutation: You possess an exceptional clarity of
                  | mind. [potion of mutation]
 53038 | Spider:3 | Gained mutation: Your body often deteriorates upon taking
                  | damage. [potion of mutation]
 53392 | Spider:4 | Reached skill level 10 in Evocations
 53656 | Spider:4 | Got a gossamer rune of Zot
 56053 | Depths:3 | Found a one-way gateway to a ziggurat.
 56229 | Depths:3 | Noticed Louise
 56249 | Depths:3 | Killed Louise
 56428 | Depths:4 | Entered Level 4 of the Depths
 57054 | Depths:4 | Reached XP level 24. HP: 137/230 MP: 30/30
 57141 | Depths:4 | Found a gate to the Realm of Zot.
 57712 | D:15     | Found a runed translucent gate.
 57712 | D:15     | Found a runed translucent gate.
 57714 | D:15     | Noticed AyAyRon's ghost (adept DsFi)
 57717 | D:15     | Found a runed translucent gate.
 57753 | D:15     | Killed AyAyRon's ghost
 57987 | Vaults:3 | Lost mutation: You are agile. (Dex +4, Str/Int -1) [potion
                  | of mutation]
 57987 | Vaults:3 | Lost mutation: Your body often deteriorates upon taking
                  | damage. [potion of mutation]
 57987 | Vaults:3 | Gained mutation: You passively dampen the noise of your
                  | surroundings. [potion of mutation]
 57987 | Vaults:3 | Gained mutation: You are partially covered in iridescent
                  | scales. (AC +2) [potion of mutation]
 58100 | Crypt:1  | Found the +0 toga "Victory" {*Victory Clar}
 58108 | Crypt:1  | Found a transporter.
 58108 | Crypt:1  | Noticed Voydouki's ghost (veteran MiGl)
 58111 | Crypt:1  | Found a transporter.
 59512 | Crypt:2  | Found a hide-covered altar of Uskayaw.
 59720 | Crypt:2  | Learned a level 2 spell: Wereblood
 59841 | Crypt:3  | Entered Level 3 of the Crypt
 59841 | Crypt:3  | Noticed a dread lich
 59906 | Crypt:3  | Found a runed translucent door.
 59907 | Crypt:3  | Found a shimmering altar of Xom.
 59907 | Crypt:3  | Noticed Hynnuzim's ghost (veteran CeHu)
 60055 | Crypt:3  | Reached skill level 1 in Transmutations
 60280 | Crypt:3  | Killed a dread lich
 60897 | Crypt:3  | Found a staircase to the Tomb.
 61321 | Crypt:3  | Killed Hynnuzim's ghost
 61328 | Crypt:3  | Identified the +7 ring mail of Nyogredah {rPois rF+ rCorr
                  | Dex+3}
 61505 | Crypt:3  | Found the +8 Vampire's Tooth {megavamp}
 61505 | Crypt:3  | Found the +9 sword of Zonguldrok {reap}
 61531 | Crypt:3  | Identified the +7 plate armour of Zinelasiu {Harm rPois
                  | rC-}
 61713 | Tomb:1   | Entered Level 1 of the Tomb of the Ancients
 62161 | Tomb:1   | Noticed a royal mummy
 62163 | Tomb:1   | Noticed a royal mummy
 62170 | Tomb:1   | Killed a royal mummy
 62210 | Tomb:1   | Killed a royal mummy
 62392 | Tomb:1   | Noticed a royal mummy
 62399 | Tomb:1   | Gained mutation: You are vulnerable to cold. (rC-)
                  | [mutagenic glow]
 62405 | Tomb:1   | Gained mutation: You are clumsy. (Dex -2) [mutagenic glow]
 62417 | Tomb:1   | Gained mutation: Your magical capacity is low. (-10% MP)
                  | [mutagenic glow]
 62418 | Tomb:1   | Lost mutation: You are partially covered in iridescent
                  | scales. (AC +2) [potion of mutation]
 62418 | Tomb:1   | Lost mutation: You possess an exceptional clarity of mind.
                  | [potion of mutation]
 62418 | Tomb:1   | Lost mutation: You are vulnerable to cold. (rC-) [potion of
                  | mutation]
 62418 | Tomb:1   | Lost mutation: Your body sometimes deteriorates upon taking
                  | damage. [potion of mutation]
 62418 | Tomb:1   | Gained mutation: You are frail. (-10% HP) [potion of
                  | mutation]
 62418 | Tomb:1   | Gained mutation: Armour fits poorly on your strangely
                  | shaped body. [potion of mutation]
 62418 | Tomb:1   | Gained mutation: Your spells are a little harder to cast,
                  | but a little more powerful. [potion of mutation]
 62419 | Tomb:1   | Lost mutation: You are clumsy. (Dex -2) [potion of
                  | mutation]
 62419 | Tomb:1   | Lost mutation: Armour fits poorly on your strangely shaped
                  | body. [potion of mutation]
 62419 | Tomb:1   | Lost mutation: You are frail. (-10% HP) [potion of
                  | mutation]
 62824 | Zot:1    | Entered Level 1 of the Realm of Zot
 62935 | Zot:1    | Reached XP level 25. HP: 244/244 MP: 27/27
 63348 | Zot:1    | Found the +4 dragonskin cloak
 63348 | Zot:1    | Noticed Tiamat
 63394 | Zot:1    | Killed Tiamat
 63533 | Zot:1    | Found a transporter.
 63661 | Zot:1    | Found a transporter.
 63663 | Zot:1    | Found a transporter.
 63693 | Zot:1    | You are sucked into a shaft and drop 1 floor!
 63801 | Zot:2    | Noticed a Killer Klown
 63833 | Zot:2    | Killed a Killer Klown
 64160 | Zot:2    | HP: 3/245 [red draconian scorcher/damnation[a red draconian
                  | scorcher] (36)]
 64188 | Zot:3    | Lost mutation: You passively dampen the noise of your
                  | surroundings. [potion of mutation]
 64188 | Zot:3    | Lost mutation: Your spells are a little harder to cast, but
                  | a little more powerful. [potion of mutation]
 64188 | Zot:3    | Gained mutation: You are frail. (-10% HP) [potion of
                  | mutation]
 64188 | Zot:3    | Lost mutation: Your magical capacity is low. (-10% MP)
                  | [potion of mutation]
 64188 | Zot:3    | Gained mutation: Your skin changes colour to match your
                  | surroundings (Stealth+). [potion of mutation]
 64189 | Zot:3    | Lost mutation: Your skin changes colour to match your
                  | surroundings (Stealth+). [potion of mutation]
 64189 | Zot:3    | Lost mutation: You are frail. (-10% HP) [potion of
                  | mutation]
 64189 | Zot:3    | Gained mutation: You have sharp toenails. [potion of
                  | mutation]
 64189 | Zot:3    | Gained mutation: You have sharp fingernails. [potion of
                  | mutation]
 64189 | Zot:3    | Gained mutation: You have razor-sharp toenails. [potion of
                  | mutation]
 64474 | Zot:3    | Reached skill level 27 in Shields
 64747 | Zot:1    | Found a transporter.
 64939 | Zot:1    | Identified the +7 mace of the Wasp {speed, rElec}
 65791 | Hell     | Killed Geryon
 65823 | Hell     | Found a gateway to the freezing wastes of Cocytus.
 65895 | Hell     | Found a gateway to the Iron City of Dis.
 66037 | Hell     | Found a gateway to the decaying netherworld of Tartarus.
 66165 | Hell     | Found a gateway to the ashen valley of Gehenna.
 66251 | Geh:1    | Entered Level 1 of Gehenna
 66371 | Geh:1    | Reached XP level 26. HP: 256/256 MP: 31/31
 66620 | Dis:1    | Entered Level 1 of the Iron City of Dis
 66826 | Dis:1    | Reached skill level 5 in Transmutations
 66937 | Dis:1    | You are sucked into a shaft and drop 1 floor!
 68015 | Vaults:5 | Noticed a dread lich
 68058 | Vaults:4 | Killed a dread lich
 68417 | Vaults:4 | Reached skill level 5 in Spellcasting
 68561 | Vaults:5 | Noticed an ancient lich
 68567 | Vaults:5 | Gained mutation: Your magical capacity is low. (-10% MP) [a
                  | shining eye]
 68574 | Vaults:5 | Killed an ancient lich
 69110 | Vaults:5 | Identified the +5 morningstar "Puuffaghy" {drain, Str+2}
 69138 | Vaults:5 | Identified the ring of Joy {rC+ Str+5}
 69164 | Vaults:5 | Identified the staff of poison "Ucoclen" {rElec rPois rF-
                  | rCorr}
 69239 | Vaults:5 | Identified the +0 shortbow "Arcanum" {antimagic, Str+2}
 69243 | Vaults:5 | Got a silver rune of Zot
 69296 | Vaults:5 | Noticed a dread lich
 69320 | Vaults:5 | Killed a dread lich
 70019 | Crypt:1  | Killed Voydouki's ghost
 70327 | Tomb:1   | Killed a royal mummy
 70496 | Tomb:1   | Reached XP level 27. HP: 269/269 MP: 28/28
 70558 | Tomb:1   | Identified the staff of earth "Finu" {rF+ Dex+5}
 70573 | Tomb:1   | Noticed a royal mummy
 70582 | Tomb:1   | Reached skill level 10 in Translocations
 70737 | Tomb:1   | Killed a royal mummy
 71069 | Tomb:2   | Noticed a royal mummy
 71069 | Tomb:2   | Noticed a royal mummy
 71069 | Tomb:2   | Noticed a royal mummy
 71069 | Tomb:2   | Noticed a royal mummy
 71084 | Tomb:2   | HP: 10/270 [mummy priest/divine providence (12)]
 71125 | Tomb:1   | Noticed a royal mummy
 71125 | Tomb:1   | Noticed a royal mummy
 71125 | Tomb:1   | Noticed a royal mummy
 71126 | Tomb:1   | Noticed a royal mummy
 71692 | Zig:1    | Entered Level 1 of a ziggurat
 71707 | Zig:2    | Entered Level 2 of a ziggurat
 71707 | Zig:2    | Noticed Osoguv the pandemonium lord
 71729 | Zig:2    | Killed Osoguv the pandemonium lord
 71743 | Zig:3    | Entered Level 3 of a ziggurat
 71770 | Zig:4    | Entered Level 4 of a ziggurat
 71771 | Zig:4    | Paralysed by an air elemental for 1 turns
 71869 | Zig:5    | Entered Level 5 of a ziggurat
 71921 | Zig:5    | Acquired 498 gold pieces
 71928 | Zig:6    | Entered Level 6 of a ziggurat
 71949 | Zig:6    | Found the +13 scythe of Curses {drain, curses, Drain}
 71953 | Zig:6    | Found the +11 plutonium sword {Contam Stlth-}
 71992 | Zig:7    | Entered Level 7 of a ziggurat
 72052 | Zig:7    | Identified the +4 war axe of Abigaso Ceat {elec, rCorr
                  | SInv}
 72061 | Zig:7    | Acquired 735 gold pieces
 72063 | Zig:7    | Acquired 835 gold pieces
 72069 | Zig:8    | Entered Level 8 of a ziggurat
 72085 | Zig:8    | Paralysed by accursed screaming for 2 turns
 72090 | Zig:8    | Reached skill level 27 in Fighting
 72096 | Zig:8    | Paralysed by accursed screaming for 1 turns
 72107 | Zig:8    | Paralysed by accursed screaming for 1 turns
 72303 | Zig:8    | Found the ring of the Mage {Wiz Archmagi}
 72322 | Zig:8    | Identified the +5 halberd "Rummage" {heavy, rN+ Int+3}
 72327 | Zig:8    | Identified the +1 demon blade of the Conjuring Scorpion
                  | {flame, *Rage rElec Int+7}
 72330 | Zig:8    | Identified the +3 plate armour "Jurean" {rCorr Dex+2 SInv}
 72338 | Zig:9    | Entered Level 9 of a ziggurat
 72346 | Zig:9    | Noticed an orb of fire
 72361 | Zig:9    | Gained mutation: You occasionally lose the ability to drink
                  | potions when taking damage. [an orb of fire]
 72363 | Zig:9    | Killed an orb of fire
 72417 | Zig:9    | Identified the +0 falchion "Minotaur's Bane" {freeze, rElec
                  | rC+ Int-2}
 72442 | Zig:9    | Got the Tractate on Transposition
 72447 | Zig:9    | Learned a level 3 spell: Teleport Other
 72455 | Zig:10   | Entered Level 10 of a ziggurat
 72468 | Zig:10   | Noticed a juggernaut
 72492 | Zig:10   | Killed a juggernaut
 72536 | Zig:10   | Gained mutation: You are frail. (-10% HP) [a neqoxec]
 72598 | Zig:10   | Got the Compendium of the Bewitching Discharge
 72610 | Zig:10   | Lost mutation: Your magical capacity is low. (-10% MP)
                  | [potion of mutation]
 72610 | Zig:10   | Lost mutation: You have sharp fingernails. [potion of
                  | mutation]
 72610 | Zig:10   | Gained mutation: Your magical capacity is low. (-10% MP)
                  | [potion of mutation]
 72610 | Zig:10   | Lost mutation: You are frail. (-10% HP) [potion of
                  | mutation]
 72612 | Zig:10   | Lost mutation: You occasionally lose the ability to drink
                  | potions when taking damage. [potion of mutation]
 72612 | Zig:10   | Lost mutation: You have razor-sharp toenails. [potion of
                  | mutation]
 72612 | Zig:10   | Gained mutation: Your spells are a little harder to cast,
                  | but a little more powerful. [potion of mutation]
 72612 | Zig:10   | Gained mutation: Your mind is acute. (Int +4, Str/Dex -1)
                  | [potion of mutation]
 72612 | Zig:10   | Gained mutation: Your system is resistant to poisons.
                  | (rPois) [potion of mutation]
 72630 | Zig:11   | Entered Level 11 of a ziggurat
 72636 | Zig:11   | Noticed a dread lich
 72637 | Zig:11   | Noticed a dread lich
 72649 | Zig:11   | Killed a dread lich
 72654 | Zig:11   | Killed a dread lich
 72710 | Zig:11   | Identified the +2 morningstar "Newtbane" {freeze, rPois
                  | Str-5 Int+4 Stlth+}
 72712 | Zig:11   | Identified the +0 chain mail "Tubiabb" {rPois rC- Str+4
                  | Int+3}
 72731 | Zig:12   | Entered Level 12 of a ziggurat
 72873 | Zig:12   | Identified the +1 robe of Hayraodeev {Archmagi}
 72874 | Zig:12   | Identified the +1 robe of the Swamp {rN+}
 72876 | Zig:12   | Identified the +1 robe of the Ditch-Digger {rC+ Regen+
                  | Str-2 Int+3}
 72884 | Zig:12   | Identified the +1 morningstar "Xubom" {vamp, Str+2 Dex+3}
 72893 | Zig:13   | Entered Level 13 of a ziggurat
 73048 | Zig:13   | Identified the +8 glaive of the Middle {freeze, rN+ Int+7}
 73050 | Zig:13   | Identified the staff of poison "Tan Mual" {rElec rPois
                  | Str+3}
 73059 | Zig:13   | Identified the +3 falchion "Meakkifu" {heavy, Dex+4}
 73060 | Zig:13   | Identified the staff of fire "Aweavun" {rF+ rN+ Str+3}
 73063 | Zig:13   | Identified the +9 mace "Lijottofa" {heavy, rElec rC++ rN+}
 73070 | Zig:13   | Identified the +7 battleaxe "Gazurr" {elec, rElec Str+3
                  | Stlth-}
 73237 | Zig:14   | Entered Level 14 of a ziggurat
 73413 | Zig:14   | Identified the amulet "Zoragh" {Reflect Dex+4 SH+5}
 73431 | Zig:14   | Got the Excursus on Modification and the Curse
 73454 | Zig:15   | Entered Level 15 of a ziggurat
 73724 | Zig:15   | Identified the ring "Pouciq" {rN++ MP+9 Dex+2 Slay+4}
 73729 | Zig:15   | Identified the +0 helmet of Responsibility {rPois Int+3}
 73733 | Zig:15   | Identified the amulet "Yrro" {Acrobat Drain rC+ Str+4
                  | Slay-3}
 73739 | Zig:15   | Identified the ring of Tulips {rF+ rN+ Dex+3}
 73744 | Zig:15   | Identified the +10 glaive of Temperance {antimagic, Fragile
                  | rC+ rN++ rCorr}
 73747 | Zig:15   | Identified the +4 flail of Zisaomp {protect, rPois Int+4}
 73757 | Zig:16   | Entered Level 16 of a ziggurat
 73808 | Zig:16   | HP: 13/273 [ghost moth (1)]
 73820 | Zig:16   | Identified the +5 morningstar of Zoakarhuhu {drain, rF- rN+
                  | Dex+6 Stlth+}
 74262 | Zot:2    | Got the Disquisition on the Azure Singularity
 74294 | Zot:2    | Reached skill level 10 in Dodging
 74601 | Zot:3    | Reached skill level 10 in Throwing
 75262 | Zot:3    | Noticed Parghit
 75320 | Zot:3    | Killed Parghit
 75754 | Zot:4    | Noticed an orb of fire
 75799 | Zot:3    | Killed an orb of fire
 77060 | Zot:5    | Entered Level 5 of the Realm of Zot
 77060 | Zot:5    | Noticed an orb of fire
 77060 | Zot:5    | Noticed an orb of fire
 77060 | Zot:5    | Noticed an orb of fire
 77061 | Zot:5    | Noticed an orb of fire
 77063 | Zot:5    | Lost mutation: Your spells are a little harder to cast, but
                  | a little more powerful. [an orb of fire]
 77063 | Zot:5    | Gained mutation: You are frail. (-10% HP) [an orb of fire]
 77066 | Zot:5    | Gained mutation: You occasionally shout uncontrollably at
                  | your foes. [an orb of fire]
 77069 | Zot:5    | Gained mutation: You are very frail. (-20% HP) [an orb of
                  | fire]
 77072 | Zot:5    | Gained mutation: Armour fits poorly on your strangely
                  | shaped body. [an orb of fire]
 77072 | Zot:5    | Gained mutation: You occasionally lose the ability to read
                  | scrolls when taking damage. [an orb of fire]
 77073 | Zot:5    | HP: 8/218 [quicksilver dragon (4)]
 77073 | Zot:5    | HP: 1/218 [quicksilver dragon (7)]
 77073 | Zot:5    | Annihilated by an Orb Guardian

Illustrated notes

Levels and vault maps discovered:
D:1:      shiori_arrival_whats_in_store_for_you, layout_basic
D:2:      layout_rooms, basic_altar
D:3:      layout_rooms, lemuel_coloured_pillars_altar, xom_redecorated,
          basic_ecumenical_altar, uniq_ijyb
D:4:      layout_basic, gammafunk_temple_overflow_arena, cheibriados_altar_1,
          grunt_qazlal_clouds, cheibrodos_sewer_entry_bend,
          amcnicky_mini_rare_corridor_liquid, mrwooster_statue_mirror,
          nicolae_stop_n_shop_2, uniq_menkaure, uniq_crazy_yiuf_cottage,
          uniq_grinder
D:5:      layout_basic, kennysheep_mini, uniq_prince_ribbit1
D:6:      layout_rooms, nzn_wu_jian_contemplation
D:7:      layout_loops_cross, temple_fountains, serial_aquarium,
          aquarium_bridge_square [aquarium_subvault_balcony,
          aquarium_subvault_wall, aquarium_subvault_bridge,
          aquarium_subvault_wall], aquarium_window_corner,
          aquarium_window_double, aquarium_window_fake, aquarium_view_2d,
          aquarium_view_2e, aquarium_pool_2, serial_shops,
          nicolae_shop_competitors_out_of_business
D:8:      nicolae_cairo_tiling_large_dashed, layout_cave_pools,
          kennysheep_another_room, kennysheep_generic_room_14
D:9:      layout_basic, nicolae_hepliaklqana_ecumenical_no_more
D:10:     layout_long_grid, kennysheep_orc_monster_closet_entryway,
          gammafunk_ghost_hydra_chop
D:11:     layout_basic, gauntlet_entry_generic, hangedman_decor_peaks_small
D:12:     layout_roguey, kennysheep_generic_room_3, uniq_josephine
D:13:     layout_irregular_city, serial_rivers, chequers_serial_rivers_micro_d,
          chequers_serial_rivers_large_b, chequers_serial_rivers_large_a,
          chequers_serial_rivers_micro_c, chequers_serial_rivers_micro_a
D:14:     layout_roguey, david_vaults_4, enter_trove_5, serial_bayou_pond_a
D:15:     hangedman_depths_entry_civil_slaughter, layout_long_grid,
          serial_shops, shop, minmay_crystal_room,
          ploomutoo_gammafunk_ghost_potion_laboratory, dk_noncrumbling_2,
          nicolae_figureground_pulse
Temple:   eino_narrow_crystal_temple
Lair:1:   gammafunk_cloud_chamber, layout_long_grid, beast_lair_carwin_5
Lair:2:   nzn_winding_woodlands_huge [nzn_winding_woodlands_5x15_pockets,
          nzn_winding_woodlands_5x15_twine, nzn_winding_woodlands_5x15_cabin,
          nzn_winding_woodlands_5x15_lazy_stream,
          nzn_winding_woodlands_5x15_sidewinder,
          nzn_winding_woodlands_5x15_pathside_ponds,
          nzn_winding_woodlands_5x15_parted, nzn_winding_woodlands_5x15_zeroes,
          nzn_winding_woodlands_5x15_default,
          nzn_winding_woodlands_5x15_split_checker,
          nzn_winding_woodlands_center_pierced_h,
          nzn_winding_woodlands_center_garden,
          nzn_winding_woodlands_15x15_killbox], layout_misc_corridors,
          serial_bayou_shore_a, uniq_urug
Lair:3:   layout_cave_pods, palyth_hydra_swamp_entry, spider_nest_entry_webs
Lair:4:   layout_misc_corridors, slime_entry_1
Lair:5:   hellmonk_lair_end_abyssal_woods, layout_layer_cave,
          gammafunk_ghost_hive
Swamp:1:  layout_falls_marsh, serial_swamp_ruin, hangedman_swamp_ruin_wall,
          evilmike_swamp_ruin_rubble_1, uniq_kirke
Swamp:2:  layout_basic_swamp, evilmike_swamp_ruin_rubble_2, swamp_pool1,
          uniq_roxanne
Swamp:3:  layout_basic_swamp, evilmike_swamp_ruin_house_1, swamp_pool5,
          roderic_carrion_pond, uniq_bai_suzhen
Swamp:4:  swamp_alternative, layout_basic_swamp
Spider:1: layout_spider_delve, portal_ice_cave_entry_ice_statue_two,
          hellmonk_test_site
Spider:2: layout_spider_delve, uniq_agnes
Spider:3: layout_spider_delve, spiders_nest_the_unseen
Spider:4: grunt_spider_rune_island
Slime:1:  layout_caves, basic_altar
Slime:2:  layout_caves
Slime:3:  cheibrodos_slime_lost_civilization_1, layout_caves, special_room
          [special_room_jelly], cheibrodos_slime_lost_civilization_5
Slime:4:  layout_caves
Slime:5
Orc:1:    layout_caves, uniq_jorgrun
Orc:2:    st_orc_pillars, layout_caves, basic_altar, serial_shops,
          nicolae_shop_temple_entry_statues_fountains, uniq_erolcha
Elf:1:    layout_loops_corners, hangedman_elf_disciples,
          ebering_dispersal_statue_hall, minivault_14, grunt_megastairs_4,
          uniq_nikola
Elf:2:    elven_hall_of_blades_hangedman_original
          [nicolae_blade_entry_splitting_headache], layout_geoelf_grid,
          serial_shops, shop, basic_altar, hangedman_glass_teeth
Elf:3:    minmay_elf_hall_dome, layout_loops_corners, basic_altar
Vaults:1: vaults_mumra_lcd, vaults_room_grunt_arrival_checkpoint, v_pattern_2,
          nicolae_vaults_trapezoid_lopsided_3, hangedman_vaults_locks,
          ontoclasm_vaults_pinch, hangedman_vaults_river_flow,
          dpeg_vaults_monster_box, nicolae_vaults_wine_cellar,
          nicolae_vaults_house_2, vaults_room_hallway,
          nicolae_vaults_double_plus_2, grunt_vaults_hallway_short,
          nicolae_vaults_house_1, layout_vaults_omnicross, serial_shops, shop
Vaults:2: biasface_ghost_orc_armoury, nicolae_vaults_six-pack,
          nicolae_vaults_offset_grid_hallway_2, ontoclasm_vaults_eye,
          ontoclasm_vaults_decontamination, v_alt_pattern_1,
          grunt_vaults_hallway_long, vaults_standard_mumra_enter_the_diamond,
          v_misc_27, ontoclasm_vaults_loading_screen,
          nicolae_vaults_surprise_closet_hard, layout_vaults_omnigrid,
          serial_shops, nicolae_lakefront_shop, nicolae_diamond_shop,
          nicolae_shop_tiny_statue_garden, shop, nicolae_shop_stone
Vaults:3: mu_enter_wizlab_4, nicolae_vaults_twisting_passages,
          nicolae_vaults_house_1, nicolae_vaults_double_plus_1,
          nicolae_vaults_offset_grid_hallway_3, minmay_crypt_entry_simple_walls,
          v_alt_pattern_1, nicolae_vaults_trapezoid_layered,
          nicolae_vaults_spaceships, nicolae_vaults_two_Ls,
          hangedman_vaults_slice, v_misc_13, serial_ice_b,
          grunt_vaults_diagonal, hangedman_vaults_nails,
          nicolae_vaults_oval_intersection, nicolae_vaults_little_ls,
          layout_vaults_omnibox
Vaults:4: nicolae_vaults_rhombus_5, grunt_tower_of_power,
          nicolae_vaults_shelves_hall, v_misc_10, vaults_dpeg_cross, v_misc_3,
          v_alt_pattern_6, vaults_dpeg_ring, ontoclasm_vaults_claustrophobia,
          ontoclasm_vaults_loading_screen, nicolae_vaults_wrenched,
          nicolae_vaults_six-pack, nicolae_vaults_taking_the_gang_shopping,
          vaults_room_stairs_pillars, layout_vaults_ring, uniq_margery
Vaults:5: serial_shops
Crypt:1:  layout_regular_city, gammafunk_ghost_arena
Crypt:2:  layout_regular_city, serial_glass, glass_columns_a, glass_columns_a,
          glass_columns_a, glass_columns_a, glass_columns_c, glass_columns_c,
          glass_columns_c, glass_columns_b, glass_columns_a, glass_columns_a,
          nicolae_danse_macabre
Crypt:3:  due_elkab, layout_chaotic_city, ebering_ghost_xom
Tomb:1
Tomb:2
Depths:1: layout_roguey, hell_entry, hellmonk_ghost_happy_afterlife,
          minmay_shop_grid_forest, serial_sigils_hangedman_writhe,
          kennysheep_windowed_goal, grunt_megastairs_2, uniq_mara
Depths:2: minmay_five_octagons, layout_basic, hell_entry, abyss_entry,
          chequers_serial_rivers_marsh, pan_entry
Depths:3: hangedman_cross_cluster, layout_gridlike, enter_ziggurat_c,
          nicolae_abyss_entry_one_way_or_another, hell_entry,
          columned_hall_lemuel, serial_co_window_serial, co_window_corner_a,
          co_window_of_opportunity_a, co_window_corner_a, co_window_paths_a,
          co_window_paths_a, co_window_unsneaky_path_a, co_window_2corner,
          co_window_of_opportunity_c, glass_columns_a, glass_columns_b,
          glass_columns_a, glass_columns_b, glass_columns_a
Depths:4: evilmike_zot_entry_round, layout_cave_shapes, lightli_too_deep,
          nicolae_two_hexagons, serial_bayou, serial_bayou_lagoon_b,
          serial_bayou_pond_b, serial_bayou_ford_a, serial_bayou_pond_c
Hell
Dis:1:    nicolae_dis_circle_tower, layout_regular_city
Dis:2:    layout_overlapping_boxes
Dis:3:    layout_regular_city, evilmike_ambush [evilmike_ambush_outer_doors,
          evilmike_ambush_inner_pond]
Geh:1:    layout_gehenna_pools_basic
Zot:1:    nicolae_zot_stationary_front, layout_cathedral_of_symmetry,
          nicolae_diode_quadrants, uniq_josephina, uniq_tiamat
Zot:2:    layout_gridlike
Zot:3:    layout_gridville, uniq_parghit
Zot:4:    layout_cathedral_of_symmetry, zot_minivault_4
Zot:5:    layout_cellular_growth, grunt_ministairs_3, nicolae_shop_clearance

Skill      XL: |  1  2  3  4  5  6  7  8  9 10 11 12 13 14 15 16 17 18 19 20 21 22 23 24 25 26 27 |
---------------+----------------------------------------------------------------------------------+-----
Shields        | 4 5 6 7 9 11 13 15 17 19 20 21 23 24 26 27 | 27.0
Armour         | 4 6 7 8 9 10 11 12 13 14 15 16 17 18 19 23 | 23.1
Fighting       | 4 5 6 7 8 9 10 11 12 14 15 16 17 19 20 21 22 23 24 26 27 | 27.0
Axes           | 3 4 5 6 7 9 10 13 14 | 14.8
Invocations    | 1 2 4 5 7 8 9 10 11 12 13 14 | 14.7
Evocations     | 1 3 5 7 8 9 10 11 12 13 | 13.6
Dodging        | 1 2 3 4 5 6 7 8 10 | 10.9
Throwing       | 1 2 5 6 8 11 | 11.0
Polearms       | 4 6 9 |  9.7
Maces & Flails | 2 10 13 15 16 17 19 20 22 | 22.3
Ranged Weapons | 6 8 10 12 14 15 16 18 | 18.0
Stealth        | 1 |  1.4
Translocations | 3 5 6 7 8 9 11 | 11.0
Spellcasting   | 2 4 5 6 |  6.0
Transmutations | 2 4 6 7 |  7.0

Action                     |  1- 3 |  4- 6 |  7- 9 | 10-12 | 13-15 | 16-18 | 19-21 | 22-24 | 25-27 || total
---------------------------+-------+-------+-------+-------+-------+-------+-------+-------+-------++-------
  Melee: War axe           |    75 |   103 |    52 |       |       |   454 |  1323 |   665 |       ||  2672
         Headbutt          |     7 |    12 |    52 |    94 |   278 |   327 |   395 |   626 |   742 ||  2533
         Spear             |       |       |   212 |       |       |       |       |       |       ||   212
         Halberd           |       |       |    10 |    81 |       |       |       |       |       ||    91
         Eveningstar       |       |       |       |   362 |  1121 |   878 |       |       |       ||  2361
         Unarmed           |       |       |       |       |     1 |       |       |       |       ||     1
         Broad axe         |       |       |       |       |       |       |       |  1097 |  2093 ||  3190
   Fire: Hand crossbow     |       |       |       |       |       |   194 |   152 |   223 |   269 ||   838
  Throw: Dart              |       |       |     6 |     4 |    12 |       |       |       |       ||    22
         Javelin           |       |       |       |     2 |       |     4 |     1 |     9 |     4 ||    20
         Boomerang         |       |       |       |       |     1 |       |       |       |       ||     1
   Cast: Blink             |       |       |       |       |       |       |       |     1 |     1 ||     2
         Manifold Assault  |       |       |       |       |       |       |       |       |     4 ||     4
         Wereblood         |       |       |       |       |       |       |       |       |     4 ||     4
 Invoke: Upheaval          |       |       |       |     5 |     3 |     7 |     5 |       |     4 ||    24
         Disaster Area     |       |       |       |       |       |       |       |       |     4 ||     4
         Elemental Force   |       |       |       |       |       |       |       |       |     2 ||     2
  Evoke: Wand              |       |       |       |     1 |     1 |     2 |       |     1 |     1 ||     6
         Tin of tremorston |       |       |       |       |     2 |       |     1 |     1 |     3 ||     7
         Lightning rod     |       |       |       |       |     3 |     5 |     5 |     8 |     6 ||    27
         Phantom mirror    |       |       |       |       |       |       |       |     1 |       ||     1
         Horn of Geryon    |       |       |       |       |       |       |       |       |     2 ||     2
         Box of beasts     |       |       |       |       |       |       |       |       |     1 ||     1
         Phial of floods   |       |       |       |       |       |       |       |       |     1 ||     1
    Use: Scroll            |       |       |       |       |    20 |    13 |     2 |     3 |    21 ||    59
         Potion            |       |       |       |       |     5 |     5 |       |     7 |    25 ||    42
   Stab: Invisible         |       |       |       |     2 |       |       |       |     3 |       ||     5
         Petrified         |       |       |       |       |     1 |       |       |       |       ||     1
         Distracted        |       |       |       |       |       |       |     1 |       |       ||     1
 Armour: Scale mail        |    23 |    33 |    51 |       |       |       |       |       |       ||   107
         Plate armour      |       |       |    35 |   236 |       |       |   248 |   517 |   618 ||  1654
         Chain mail        |       |       |       |    72 |   581 |   484 |    12 |       |       ||  1149
  Dodge: Dodged            |    37 |    50 |    81 |   129 |   307 |   390 |   190 |   315 |   452 ||  1951
         Repelled          |       |       |       |       |    14 |    29 |    11 |    16 |    41 ||   111
  Block: Buckler           |    21 |    31 |    76 |   153 |       |       |       |       |       ||   281
         Other             |       |       |     1 |    13 |     1 |       |       |       |       ||    15
         Kite shield       |       |       |       |    52 |   930 |       |       |       |       ||   982
         Tower shield      |       |       |       |       |    12 |  1643 |  1422 |  2016 |  2606 ||  7699
         Reflection        |       |       |       |       |       |       |    71 |    49 |    78 ||   198
